Map: Triton LE

Players

TurretOne

  • Race: Protoss Protoss
  • League: Diamond
  • Spawn Location: 11:00

pHARM - Winner!

  • Race: Zerg Zerg
  • League: Platinum
  • Spawn Location: 5:00

VOD

Have the link to the VOD?

Description

Time

  • Played on: Sept. 2, 2019, 7:07 p.m.
  • Length: 8:37
Show
View Real Time Build Order
Export as new Build Order

TurretOne Protoss 

Build Orders: 1 Gate Expand 

Get SALT Encoding   

  12  0:01  Probe  
  13  0:15  Probe  
  14  0:22  Pylon  
  14  0:27  Probe  
  15  0:30  Assimilator  
  15  0:40  Probe  
  16  0:46  Gateway  
  16  0:52  Probe  
  17  1:00  Probe  
  18  1:08  Probe  
  19  1:18  Probe  
  20  1:30  Nexus  
  20  1:31  Probe  
  21  1:50  Cybernetics Core, Probe  
  22  1:54  Assimilator  
  22  1:59  Pylon  
  22  2:02  Probe  
  23  2:13  Warp Gate  
  23  2:17  Probe  
  24  2:27  Gateway  
  24  2:29  Probe  
  25  2:33  Shield Battery  
  25  2:36  Adept  
  25  2:41  Probe  
  25  2:42  Probe  
  29  2:56  Assimilator  
  29  2:59  Assimilator  
  29  3:02  Probe x2  
  31  3:05  Stalker  
  33  3:14  Probe x2  
  35  3:26  Probe x2  
  37  3:31  Pylon  
  37  3:38  Probe x2  
  39  3:50  Probe x2  
  39  3:54  Stargate  
  41  3:59  Stargate, Probe x2  
  41  4:02  Pylon  
  42  4:07  Probe x2  
  43  4:12  Stalker  
  47  4:17  Probe  
  47  4:19  Probe  
  49  4:28  Pylon  
  49  4:29  Probe  
  50  4:31  Probe  
  51  4:40  Fleet Beacon  
  51  4:41  Probe  
  51  4:44  Oracle, Probe  
  51  4:45  Shield Battery x2  
  53  4:48  Shield Battery  
  53  4:53  Shield Battery  
  56  5:06  Shield Battery  
  56  5:10  Void Ray  
  56  5:17  Shield Battery, Pylon  
  60  5:27  Pylon  
  60  5:35  Tempest  
  65  5:40  Pylon  
  65  5:41  Pylon  
  64  5:51  Tempest  
  65  6:46  Gateway  
  60  6:47  Gateway  
  60  6:50  Gateway  
  60  6:52  Robotics Facility  
  60  7:12  Pylon  
  60  7:13  Pylon  
  60  7:15  Pylon  
  55  7:23  Pylon  
  55  7:25  Pylon  
  55  7:26  Pylon, Nexus  
  55  7:29  Gateway, Pylon  
  54  7:30  Gateway  
  50  7:40  Zealot  
  50  7:41  Zealot  
  47  7:50  Zealot x3  
  43  8:02  Zealot x2  
  45  8:06  Probe x2  
  43  8:18  Probe  
  43  8:19  Probe  
  45  8:22  Zealot x3  
  45  8:23  Zealot  
  45  8:24  Zealot x2  
  45  8:25  Zealot x2  
Show
View Real Time Build Order
Export as new Build Order

pHARM Zerg - Winner!

Build Orders: Hatch First 

Get SALT Encoding   

  12  0:00  Drone  
  13  0:12  Overlord  
  13  0:16  Drone  
  14  0:31  Drone x2  
  16  0:52  Hatchery  
  15  1:01  Drone x3  
  18  1:15  Spawning Pool  
  17  1:19  Drone  
  18  1:36  Drone x2  
  20  1:41  Extractor  
  20  1:46  Drone  
  20  1:55  Overlord  
  20  2:05  Queen x2  
  20  2:07  Drone x2  
  26  2:30  Drone  
  26  2:31  Drone x3  
  30  2:39  Drone x2  
  32  2:47  Metabolic Boost  
  32  2:51  Queen  
  32  2:53  Queen  
  32  2:55  Overlord  
  32  2:56  Overlord  
  36  3:14  Drone x4  
  36  3:19  Overlord, Drone  
  41  3:32  Evolution Chamber  
  40  3:34  Roach Warren  
  40  3:35  Drone x6  
  40  3:38  Evolution Chamber  
  44  3:43  Lair  
  44  3:50  Extractor, Pneumatized Carapace  
  44  3:51  Extractor  
  42  3:56  Drone x5  
  42  3:57  Drone x3  
  50  4:02  Overlord  
  50  4:23  Zerg Missile Weapons Level 1  
  50  4:25  Overlord x3  
  50  4:32  Hatchery  
  49  4:54  Roach  
  49  4:55  Roach x6  
  49  4:56  Queen x2  
  67  5:29  Roach  
  67  5:30  Roach x8  
  83  5:48  Queen x2  
  85  6:06  Hydralisk Den  
  76  6:24  Queen x3  
  78  7:00  Queen x3, Roach  
  78  7:01  Overlord, Roach x6  
  97  7:02  Overlord x7  
  97  7:07  Extractor  
  94  7:23  Drone x5  
  99  7:35  Queen x2  
  99  7:52  Drone x12  
Tags
 
Add a new tag
Caveats
  • Supply blocks, unpowered buildings, or Contaminate may cause inaccurate times.
  • Supply counts are checked every 10 seconds.